 Dungeon Crawl Stone Soup version 0.29.0-5-ge4962eb29e (webtiles) character file.

Game seed: 1652297650593789974

1064 Sobieck the Grappler (level 8, 0/39 HPs)
             Began as a Vine Stalker Monk on Aug 28, 2022.
             Was a Believer of Cheibriados.
             Slain by a lemure (4 damage)
             ... led by Pikel
             ... on level 6 of the Dungeon.
             The game lasted 00:09:00 (5319 turns).

Sobieck the Grappler (Vine Stalker Monk)            Turns: 5319, Time: 00:09:01

Health: 0/39       AC:  4    Str: 21    XL:     8   Next: 27%
Magic:  0/9        EV: 13    Int: 14    God:    Cheibriados [**....]
Gold:   374        SH:  0    Dex: 20    Spells: 7/7 levels left

rFire   + . .      SeeInvis .     - Unarmed
rCold   . . .      Faith    .   (no shield)
rNeg    . . .      Spirit   +   a - +0 robe
rPois   .          Reflect  .   (no helmet)
rElec   .          Harm     .   r - +0 cloak
rCorr   .          Rampage  .   u - +0 pair of gloves
Will    +....                   (no boots)
Stlth   ++........              E - amulet of magic regeneration {@e2}
HPRegen 0.93/turn               o - ring of protection from fire
MPRegen 0.51/turn               (no ring)

@: very slow
A: fangs 3, regeneration 1, magic shield, antimagic bite, no potion heal 2
a: Renounce Religion, Bend Time


You were on level 6 of the Dungeon.
You worshipped Cheibriados.
Cheibriados was pleased with you.
You visited 1 branch of the dungeon, and saw 6 of its levels.

You collected 374 gold pieces.


Innate Abilities, Weirdness & Mutations

You have razor-sharp teeth.
Your natural rate of healing is unusually fast.
When hurt, damage is shared between your health and your magic reserves.
Your bite disrupts and absorbs the magic of your enemies.
Potions cannot restore your health.


   Skills:
 + Level 2.6 Fighting
 + Level 2.4 Dodging
 - Level 2.4 Stealth
 * Level 10.0 Unarmed Combat


You had 7 spell levels left.
You didn't know any spells.
Your spell library contained the following spells:

 Spells                   Type           Power      Damage    Failure   Level
 Ensorcelled Hibernation  Hex/Ice        0%         N/A       41%         2
 Spider Form              Tmut/Pois      0%         N/A       65%         3
 Anguish                  Hex/Necr       0%         N/A       96%         4

Inventory:

Hand Weapons
 b - a +0 shortbow {bow}
   (You took it off a centaur on level 5 of the Dungeon)
Missiles
 f - 9 poisoned darts (quivered) {throwing}
 m - 29 stones {throwing}
 z - a throwing net {=f!fthrowing}
 C - 6 boomerangs {throwing}
 M - 5 curare-tipped darts {=fthrowing}
Armour
 a - a +0 robe (worn)
 c - a +0 leather armour
   (You found it on level 1 of the Dungeon)
 h - a +0 robe
   (You took it off an orc wizard on level 4 of the Dungeon)
 i - a +0 ring mail
   (You found it on level 2 of the Dungeon)
 k - a +0 robe
   (You found it on level 2 of the Dungeon)
 l - a +0 ring mail
   (You found it on level 2 of the Dungeon)
 p - a +0 leather armour
   (You found it on level 2 of the Dungeon)
 r - a +0 cloak (worn)
   (You found it on level 2 of the Dungeon)
 u - a +0 pair of gloves (worn)
   (You found it on level 3 of the Dungeon)
 x - a +0 leather armour
   (You took it off an orc on level 4 of the Dungeon)
 y - a +0 robe
   (You took it off a gnoll bouda on level 4 of the Dungeon)
 A - a +0 robe
   (You found it on level 4 of the Dungeon)
 D - a +0 leather armour
   (You found it on level 4 of the Dungeon)
 H - a +0 ring mail
   (You found it on level 5 of the Dungeon)
 J - a +0 ring mail
   (You found it on level 5 of the Dungeon)
 K - a +0 ring mail
   (You found it on level 6 of the Dungeon)
Jewellery
 o - a ring of protection from fire (left hand)
   (You found it on level 2 of the Dungeon)
 E - an amulet of magic regeneration (around neck) {@e2}
   (You found it on level 5 of the Dungeon)
Wands
 v - a wand of iceblast (8)
   (You took it off a kobold on level 3 of the Dungeon)
Scrolls
 e - 4 scrolls of teleportation {@r4}
 j - 4 scrolls of vulnerability {!r!r}
 n - a scroll of amnesia
 t - a scroll of torment {!r}
 w - 2 scrolls of noise {!r}
 I - a scroll of immolation {unknown}
 L - a scroll of poison {unknown}
Potions
 d - 2 potions of flight
 g - 4 potions of curing {@q1}
 q - 2 potions of haste {@q3}
 s - 4 potions of brilliance
 B - 2 potions of lignification {!q}
 F - 3 potions of ambrosia
 G - a potion of mutation {unknown}

Dungeon Overview and Level Annotations

Branches:
Dungeon (6/15) Zot: 40158
 Temple: D:4-7

Altars:
Cheibriados
Dithmenos
Fedhas
Kikubaaqudgha
Nemelex Xobeh
Sif Muna
Xom

Annotations:
D:6 Pikel

'...#.....#.....#
#...#.....#.....#
#...#.....#.....# ....
#...#.....#.....# ...
#...#.....#.....# ...
#>.[#.....###...# ..#
#####.......#...###..####
# #.......#....#....... #
#.......#...@#....... #
#.......'...5K5.5....
#.......#############
#########


You could see Pikel (strong) and 3 lemures.


Message History

You shoot an arrow.
The arrow hits the iguana but does no damage.
The iguana hisses angrily.
You shoot an arrow. The arrow hits the iguana.
You are now empty-handed.
The iguana completely misses you.
You hit the iguana. You bite the iguana, but do no damage. You hit the iguana.
The iguana closely misses you.
You barely miss the iguana. The iguana barely misses you.
You hit the iguana. You bite the iguana. You drain its power.
The iguana barely misses you.
You hit the iguana.
You kill the iguana!
Cheibriados appreciates the change of pace.
Training target 10.0 for Unarmed Combat reached!
Your Unarmed Combat skill increases to level 10!
You need to enable at least one skill for training.
Unknown command.
Unknown command.
Unknown command.
You hear the rusting of a very distant drain.
m - 29 stones {throwing} (gained 4) Key pressed, stopping explore.
L - a scroll labelled RYUMPA UQAF Unknown command.
You open the door.
You hear the rusting of a very distant drain.
There is an open door here.
Found an escape hatch in the floor.
You open the door.
There is an open door here.
There is an open door here.
There is an open door here.
You open the door.
There is an open door here.
You hear the brisk rusting of a very distant drain.
M - 5 curare-tipped darts {=fthrowing} You open the door.
There is an open door here.
You open the door. 2 lemures come into view.
Danger!
b - a +0 shortbow (weapon)
{bow} The lemure shouts!
You shoot an arrow. The lemure shouts!
The arrow hits the lemure!
Pikel, Merchant of Souls comes into view.
He is wielding a +0 whip of flaming.
You are now empty-handed.
Unknown command.
Pikel shouts!
You hear a shout!
Unknown command.
A lemure comes into view.
There is an open door here.
Unknown command.
Unknown command.
You closely miss the lemure. Your punch misses the lemure.
You bite the lemure, but do no damage. The lemure hits you.
You punch the lemure! Your punch misses the lemure.
Pikel drinks a potion.
Pikel seems to grow stronger.
You punch the lemure! The lemure misses you.
You barely miss Pikel. You punch Pikel, but do no damage.
Your bite misses Pikel. The lemure completely misses you.
Unknown command.
You barely miss Pikel. You bite Pikel, but do no damage.
Pikel closely misses you. The lemure closely misses you.
You closely miss Pikel.
Unknown command.
You punch Pikel! Pikel misses you. The lemure barely misses you.
You hit Pikel but do no damage. You bite Pikel. You drain his power.
The lemure barely misses you. Pikel misses you.
Unknown command.
You punch Pikel! Your bite misses Pikel.
Pikel hits you with a +0 whip of flaming!
Pikel burns you. The lemure closely misses you.
You hit Pikel but do no damage. You bite Pikel. You drain his power.
You feel invigorated. The lemure hits you!
Pikel hits you with a +0 whip of flaming!
* * * LOW HITPOINT WARNING * * *
Pikel burns you.
* * * LOW HITPOINT WARNING * * *
You completely miss Pikel. Your punch misses Pikel.
Unknown command.
You hit Pikel. Your bite misses Pikel. The lemure misses you.
Pikel closely misses you.
You hit Pikel but do no damage.
Pikel hits you with a +0 whip of flaming!
* * * LOW HITPOINT WARNING * * *
The lemure misses you.
Unknown command.
You hit Pikel but do no damage. You bite Pikel, but do no damage.
The lemure closely misses you.
Pikel hits you with a +0 whip of flaming!
* * * LOW HITPOINT WARNING * * *
Pikel burns you.
* * * LOW HITPOINT WARNING * * *
You hit Pikel. Your punch misses Pikel. Your bite misses Pikel.
A lemure comes into view.
Pikel barely misses you. The lemure hits you.
You die...

Skill      XL: |  1  2  3  4  5  6  7  8 |
---------------+-------------------------+-----
Unarmed Combat | 4 5 6 7 9 10 | 10.0
Fighting       | |  2.6
Dodging        | |  2.4
Stealth        | |  2.4

Action                   |  1- 3 |  4- 6 |  7- 9 || total
-------------------------+-------+-------+-------++-------
Melee: Unarmed           |    91 |   113 |    55 ||   259
       Bite              |    23 |    31 |    17 ||    71
       Punch             |     2 |     2 |     1 ||     5
 Fire: Shortbow          |       |       |    34 ||    34
Throw: Dart              |       |     4 |       ||     4
  Use: Scroll            |       |     9 |     2 ||    11
 Stab: Sleeping          |     9 |     1 |       ||    10
       Distracted        |     1 |     1 |       ||     2
Armor: Robe              |    16 |    21 |     7 ||    44
Dodge: Dodged            |    38 |    57 |    48 ||   143

Levels and vault maps discovered:
D:1:      eino_arrival_water_cross, layout_basic, dk_noncrumbling_4,
          serial_park_tiny_1, minmay_misc_feat_plants
D:2:      layout_loops_ring, basic_altar,
          hellmonk_ecumenical_altar_watching_god, minmay_pentomino_x2
D:3:      layout_loops_ring
D:4:      layout_basic, mainiacjoe_overflow_catch_the_wave,
          gammafunk_temple_overflow_wave, minmay_distorted, uniq_natasha
D:5:      layout_gridville, lemuel_crystal_altar, lemuel_round_altar
D:6:      layout_gridville, lemuel_doored_altar, bloody_trog,
          minmay_temple_entry_enclosed_plants, portal_sewer_entry_b,
          st_stairs_10, uniq_pikel

Notes
Turn   | Place    | Note
-------+----------+-------------------------------------------
     0 | D:1      | Sobieck the Vine Stalker Monk began the quest for the Orb.
     0 | D:1      | Reached XP level 1. HP: 11/11 MP: 2/2
   237 | D:1      | Reached XP level 2. HP: 16/16 MP: 3/3
   873 | D:2      | Reached skill level 4 in Unarmed Combat
   998 | D:2      | Reached XP level 3. HP: 19/19 MP: 4/4
  1066 | D:2      | Found a blossoming altar of Fedhas.
  1262 | D:2      | Noticed a great orb of eyes
  1264 | D:2      | Noticed a golden eye
  1270 | D:2      | Found a faded altar of an unknown god.
  1272 | D:2      | Noticed a shining eye
  1272 | D:2      | Noticed a golden eye
  1922 | D:2      | You pick up a book of Dreams and begin reading...
  1922 | D:2      | You add the spells Ensorcelled Hibernation, Spider Form and
                  | Anguish to your library.
  2261 | D:3      | Gained mutation: Your natural rate of healing is unusually
                  | fast. [Vine Stalker growth]
  2261 | D:3      | Reached XP level 4. HP: 23/23 MP: 5/5
  2605 | D:3      | Reached skill level 5 in Unarmed Combat
  3153 | D:4      | Found a shimmering blue altar of Sif Muna.
  3200 | D:4      | Reached XP level 5. HP: 25/27 MP: 6/6
  3220 | D:4      | Found a sparkling altar of Nemelex Xobeh.
  3415 | D:4      | Noticed Natasha
  3423 | D:4      | Killed Natasha
  3445 | D:4      | Found a shadowy altar of Dithmenos.
  3445 | D:4      | Found an ancient bone altar of Kikubaaqudgha.
  3490 | D:4      | Reached skill level 6 in Unarmed Combat
  3492 | D:4      | HP: 6/27 [ball python (1)]
  3497 | D:4      | HP: 3/27 [gnoll/+0 halberd[a gnoll bouda] (8)]
  3502 | D:3      | HP: 5/27 [ball python (1)]
  3563 | D:4      | Noticed Natasha
  3579 | D:4      | Killed Natasha
  3619 | D:4      | Noticed a water moccasin
  3630 | D:4      | Killed a water moccasin
  3630 | D:4      | HP: 5/27 [hound (2)]
  3631 | D:4      | Reached XP level 6. HP: 7/32 MP: 1/7
  3634 | D:4      | Reached skill level 7 in Unarmed Combat
  3635 | D:4      | HP: 6/32 [poisoned by a water moccasin]
  4147 | D:5      | Entered Level 5 of the Dungeon
  4183 | D:5      | Reached XP level 7. HP: 16/35 MP: 6/8
  4298 | D:5      | Found a shimmering altar of Xom.
  4313 | D:5      | Reached skill level 8 in Unarmed Combat
  4447 | D:5      | Reached skill level 9 in Unarmed Combat
  4677 | D:5      | Gained mutation: You have razor-sharp teeth. [Vine Stalker
                  | growth]
  4677 | D:5      | Reached XP level 8. HP: 19/39 MP: 5/9
  4702 | D:5      | Found a snail-covered altar of Cheibriados.
  5022 | D:5      | Became a worshipper of Cheibriados the Contemplative
  5022 | D:5      | Reached * piety under Cheibriados
  5022 | D:5      | Reached ** piety under Cheibriados
  5212 | D:6      | Reached skill level 10 in Unarmed Combat
  5300 | D:6      | Noticed Pikel
  5318 | D:6      | HP: 4/39 [Pikel/+0 whip of flaming (6)]
  5319 | D:6      | Slain by a lemure

Vanquished Creatures
  A water moccasin (D:4)
  3 black bears
  An ogre (D:5)
  A centaur (D:5)
  A necrophage (D:5)
  A scorpion (D:5)
  2 hounds
  A gnoll bouda (D:4)
  A jelly (D:5)
  2 iguanas
  Natasha (twice) (D:4)
  An orc wizard (D:4)
  3 adders
  5 gnolls (D:4)
  An ufetubus (D:5)
  5 worms
  4 dart slugs
  4 orcs (D:4)
  7 endoplasms
  2 giant cockroaches
  5 hobgoblins
  2 jackals (D:2)
  3 ball pythons
  5 bats
  3 frilled lizards
  7 goblins
  3 kobolds
  8 rats
84 creatures vanquished.

Table legend:
 A = Non-vault XP
 B = Vault XP
 C = Vault XP percentage of total XP
 D = Non-vault monster count
 E = Vault monster count
 F = Vault count percentage of total count
                 A         B        C        D         E       F
            +---------+---------+-------+---------+---------+-------
      Total |    1310 |     210 |  13.8 |      78 |       6 |   7.1
            +---------+---------+-------+---------+---------+-------
        D:1 |      28 |       0 |   0.0 |      17 |       0 |   0.0
        D:2 |      47 |       5 |   9.6 |      17 |       1 |   5.6
        D:3 |      39 |       0 |   0.0 |      14 |       0 |   0.0
        D:4 |     404 |      42 |   9.4 |      19 |       3 |  13.6
        D:5 |     752 |       0 |   0.0 |      10 |       0 |   0.0
        D:6 |      40 |     163 |  80.3 |       1 |       2 |  66.7
            +---------+---------+-------+---------+---------+-------

Illustrated notes

Table legend:
 A = Kills in this place as a percentage of kills in entire the game.
 B = Kills by you in this place as a percentage of kills by you in the entire game.
 C = Kills by friends in this place as a percentage of kills by friends in the entire game.
 D = Other kills in this place as a percentage of other kills in the entire game.
 E = Experience gained in this place as a percentage of experience gained in the entire game.
 F = Experience gained in this place divided by the number of levels of this place that you have seen.
                   A       B       C       D       E      F
               +-------+-------+-------+-------+-------+----------------------
         Total | 100.0 | 100.0 |   N/A |   N/A | 100.0 | 253.3
       Dungeon | 100.0 | 100.0 |   N/A |   N/A | 100.0 | 253.3
               +-------+-------+-------+-------+-------+----------------------

Table legend: (Time is in decaauts)
 A = Elapsed time spent in this place.
 B = Non-inter-level travel time spent in this place.
 C = Inter-level travel time spent in this place.
 D = Time resting spent in this place.
 E = Time spent auto-exploring this place.
 F = Levels seen in this place.
 G = Mean time per level.
                   A        B        C        D        E       F      G
               +--------+--------+--------+--------+--------+-----+--------+
         Total |   5379 |   5116 |    263 |    497 |   3748 |   6 |  896.5 |
       Dungeon |   5379 |   5116 |    263 |    497 |   3748 |   6 |  896.5 |
               +--------+--------+--------+--------+--------+-----+--------+

Top non-repeatable levels by time:
     D:2: 1395 daAuts
     D:4: 1088 daAuts
     D:5: 922 daAuts
     D:1: 837 daAuts
     D:3: 810 daAuts
     D:6: 325 daAuts
